 Dungeon Crawl Stone Soup version 0.28-a0-95-g65e1ffefe4 (webtiles) character file.

Game seed: 5022264552243747794

744 Gargoyl the Skirmisher (level 7, -1/60 HPs)
             Began as a Gnoll Abyssal Knight on Aug 8, 2021.
             Was a Believer of Lugonu.
             Slain by an ice beast (14 damage)
             ... on level 5 of the Dungeon.
             The game lasted 00:06:48 (6028 turns).

Gargoyl the Skirmisher (Gnoll Abyssal Knight)       Turns: 6028, Time: 00:06:48

Health: -1/60      AC:  8    Str: 14    XL:     7   Next: 76%
Magic:  11/11      EV: 10    Int: 11    God:    Lugonu [**....]
Gold:   132        SH:  0    Dex: 13    Spells: 11/11 levels left

rFire   . . .      SeeInvis .   a - +1 hand axe (elec)
rCold   . . .      Faith    .   (no shield)
rNeg    . . .      Spirit   .   c - +0 scale mail
rPois   .          Reflect  .   (no helmet)
rElec   .          Harm     .   (no cloak)
rCorr   .          Rampage  .   d - +0 pair of gloves
Will    .....                   (no boots)
Stlth   +.........              (no amulet)
HPRegen 0.20/turn               (no ring)
MPRegen 0.12/turn               (no ring)

@: unable to read
A: fangs 1, strong nose, distributed training, hooves 1, agile 1, inability to
read while threatened
a: Renounce Religion, Depart the Abyss, Bend Space


You were on level 5 of the Dungeon.
You worshipped Lugonu.
Lugonu was pleased with you.
You visited 1 branch of the dungeon, and saw 5 of its levels.
You visited the Abyss 1 time.

You collected 132 gold pieces.

Inventory:

Hand Weapons
 a - a +1 hand axe of electrocution (weapon)
 b - a +0 spear
Missiles
 m - 16 poisoned darts (quivered)
Armour
 c - a +0 scale mail (worn)
 d - a +0 pair of gloves (worn)
Jewellery
 k - an amulet of magic regeneration
Wands
 l - a wand of iceblast (12)
Scrolls
 j - a scroll of teleportation
 n - a scroll of magic mapping {unknown}
 o - a scroll of identify
Potions
 e - 4 potions of curing
 f - a potion of resistance {unknown}
 g - a potion of attraction {unknown}
 h - a potion of flight {unknown}
 i - a potion of might {unknown}


   Skills:
 + Level 7.1 Fighting
 + Level 2.7 Short Blades
 + Level 2.7 Long Blades
 + Level 5.3 Axes
 + Level 2.7 Maces & Flails
 + Level 2.7 Polearms
 + Level 2.7 Staves
 + Level 2.7 Slings
 + Level 2.7 Bows
 + Level 2.7 Crossbows
 + Level 2.7 Throwing
 + Level 5.3 Armour
 + Level 3.8 Dodging
 + Level 2.7 Stealth
 + Level 2.7 Shields
 + Level 2.7 Unarmed Combat
 + Level 2.7 Spellcasting
 + Level 2.2 Conjurations
 + Level 2.2 Hexes
 + Level 2.2 Summonings
 + Level 2.2 Necromancy
 + Level 2.2 Translocations
 + Level 2.2 Transmutations
 + Level 2.2 Fire Magic
 + Level 2.2 Ice Magic
 + Level 2.2 Air Magic
 + Level 2.2 Earth Magic
 + Level 2.2 Poison Magic
 + Level 5.5 Invocations
 + Level 2.7 Evocations


You had 11 spell levels left.
You didn't know any spells.
Your spell library contained the following spells:

 Spells                   Type           Power      Damage    Failure   Level
 Pain                     Necr           24%        1d5       38%         1
 Gell's Gravitas          Tloc           3%         N/A       77%         3
 Teleport Other           Tloc           6%         N/A       77%         3
 Agony                    Necr           6%         N/A       100%        5
 Excruciating Wounds      Necr           3%         N/A       100%        5
 Dispersal                Tloc           3%         N/A       100%        6


Dungeon Overview and Level Annotations

Branches:
Dungeon (5/15)
 Temple: D:4-7

Altars:
Hepliaklqana
Kikubaaqudgha
Trog


Innate Abilities, Weirdness & Mutations

You have very sharp teeth.
Your uncanny sense of smell can sniff out nearby items.
Your experience applies equally to all skills.
You have large cloven feet.
You are agile. (Dex +2)
You sometimes lose the ability to read scrolls when taking damage.


Message History

Lugonu accepts your kill.
You see here a +0 club.
An ice beast comes into view.
Found 10 gold pieces.
An ice beast is nearby!
The ice beast barely misses you.
You hit the ice beast.
You kick the ice beast, but do no damage.
The ice beast is lightly wounded.
The ice beast hits you. The ice beast freezes you!
You hit the ice beast.
You kick the ice beast, but do no damage.
The ice beast is lightly wounded.
The ice beast hits you but does no damage.
You hit the ice beast. Your kick misses the ice beast. You bite the ice beast.
The ice beast is moderately wounded.
The ice beast hits you but does no damage.
Unknown command.
You closely miss the ice beast. Your bite misses the ice beast.
The ice beast is moderately wounded.
The ice beast hits you. The ice beast freezes you!
You feel threatened and lose the ability to read scrolls!
You hit the ice beast.
You kick the ice beast, but do no damage.
The ice beast is moderately wounded.
You can read scrolls again.
The ice beast hits you. The ice beast freezes you!
You feel threatened and lose the ability to read scrolls!
* * * LOW HITPOINT WARNING * * *
Your scale mail prevents you from hitting the ice beast.
You kick the ice beast.
You bite the ice beast, but do no damage.
The ice beast is heavily wounded.
The ice beast hits you but does no damage.
You closely miss the ice beast. Your kick misses the ice beast.
The ice beast is heavily wounded.
The ice beast hits you.
* * * LOW HITPOINT WARNING * * *
The ice beast freezes you!
You die...

### # ##_# ......# #
##.#### ###....... .
#.##..# .......# .
#.#.#)# .......# #
##.##.# #.....# ###.##
#.... ###.#.########..#
#..##.#...$..Y@.#####
#.##..#########.....#
###.###.......#.....#
#.###.#####.#.....#
#.#.#.#...#.#.....#
#...#.#.#.#.#.....# #
###.#.#.#.#.#.#...#
#######.#.....#.#.#...#
........)...###.#.#...#


You could see an ice beast.

Vanquished Creatures
  A black bear (D:4)
  2 ogres
  An orc priest (D:4)
  A gnoll shaman (D:5)
  Jessica (D:2)
  3 iguanas
  2 orc wizards (D:4)
  A hound skeleton (D:5)
  Robin (D:2)
  12 gnolls
  2 adders (D:4)
  An ufetubus (D:4)
  3 worms
  A dart slug (D:3)
  7 orcs
  5 ball pythons
  6 bats
  3 endoplasms
  5 giant cockroaches
  16 goblins
  4 hobgoblins
  4 quokkas
  5 frilled lizards
  9 kobolds
  5 rats
101 creatures vanquished.

Notes
Turn   | Place    | Note
-------+----------+-------------------------------------------
     0 | Abyss:1  | Gargoyl the Gnoll Abyssal Knight began the quest for the
                  | Orb.
     0 | Abyss:1  | Reached XP level 1. HP: 23/23 MP: 3/3
     3 | Abyss:1  | Found a corrupted altar of Lugonu.
    55 | Abyss:2  | Found a corrupted altar of Lugonu.
    59 | Abyss:2  | Noticed a large abomination
    66 | Abyss:2  | Found a shadowy altar of Dithmenos.
    78 | Abyss:2  | Found a snail-covered altar of Cheibriados.
    79 | Abyss:2  | Noticed an Executioner
    80 | D:1      | Escaped the Abyss
   182 | D:1      | Gained mutation: You have large cloven feet. [potion of
                  | mutation]
   182 | D:1      | Gained mutation: You are agile. (Dex +2) [potion of
                  | mutation]
   182 | D:1      | Gained mutation: You sometimes lose the ability to read
                  | scrolls when taking damage. [potion of mutation]
   187 | D:1      | Reached XP level 2. HP: 15/29 MP: 5/5
   644 | D:1      | Reached * piety under Lugonu
   762 | D:1      | Reached XP level 3. HP: 35/35 MP: 6/6
  1374 | D:2      | Found a faded altar of an unknown god.
  1381 | D:2      | Noticed Robin
  1400 | D:2      | Killed Robin
  1401 | D:2      | Reached skill level 1 in Short Blades
  1401 | D:2      | Reached skill level 1 in Long Blades
  1401 | D:2      | Reached skill level 1 in Maces & Flails
  1401 | D:2      | Reached skill level 1 in Polearms
  1401 | D:2      | Reached skill level 1 in Staves
  1401 | D:2      | Reached skill level 1 in Slings
  1401 | D:2      | Reached skill level 1 in Bows
  1401 | D:2      | Reached skill level 1 in Crossbows
  1401 | D:2      | Reached skill level 1 in Throwing
  1401 | D:2      | Reached skill level 1 in Stealth
  1401 | D:2      | Reached skill level 1 in Shields
  1401 | D:2      | Reached skill level 1 in Unarmed Combat
  1401 | D:2      | Reached skill level 1 in Spellcasting
  1401 | D:2      | Reached skill level 1 in Evocations
  1401 | D:2      | Reached XP level 4. HP: 17/40 MP: 7/7
  1425 | D:2      | Reached skill level 1 in Conjurations
  1425 | D:2      | Reached skill level 1 in Hexes
  1425 | D:2      | Reached skill level 1 in Summonings
  1425 | D:2      | Reached skill level 1 in Necromancy
  1425 | D:2      | Reached skill level 1 in Translocations
  1425 | D:2      | Reached skill level 1 in Transmutations
  1425 | D:2      | Reached skill level 1 in Fire Magic
  1425 | D:2      | Reached skill level 1 in Ice Magic
  1425 | D:2      | Reached skill level 1 in Air Magic
  1425 | D:2      | Reached skill level 1 in Earth Magic
  1425 | D:2      | Reached skill level 1 in Poison Magic
  2094 | D:3      | Reached ** piety under Lugonu
  2156 | D:3      | Found a hazy altar of Hepliaklqana.
  2285 | D:3      | Noticed Jessica
  2497 | D:2      | Killed Jessica
  2498 | D:2      | Reached XP level 5. HP: 46/47 MP: 8/8
  2645 | D:3      | Found an ancient bone altar of Kikubaaqudgha.
  4001 | D:4      | Noticed an ogre
  4071 | D:3      | Killed an ogre
  4072 | D:3      | Reached skill level 5 in Invocations
  4072 | D:3      | Reached XP level 6. HP: 48/53 MP: 9/9
  4119 | D:4      | Reached skill level 5 in Axes
  4119 | D:4      | Reached skill level 5 in Armour
  4474 | D:4      | Noticed a black bear
  4481 | D:4      | Killed a black bear
  4553 | D:4      | Reached XP level 7. HP: 59/59 MP: 10/10
  4566 | D:4      | Reached skill level 7 in Fighting
  5232 | D:5      | Entered Level 5 of the Dungeon
  5961 | D:5      | Found a bloodstained altar of Trog.
  6028 | D:5      | Slain by an ice beast

Illustrated notes

Levels and vault maps discovered:
D:1:      dpeg_arrival_shelter, layout_basic
D:2:      layout_rooms, shapermc_ecumenical_altar_venn, uniq_robin
D:3:      layout_loops_ring, worldfamousw_hep_ancestral_shrine,
          kiku_gazebo_garden_becter, uniq_jessica
D:4:      layout_basic
D:5:      layout_basic, marbit_many_paths, vehumet_statue,
          grunt_dithmenos_shadows, chequers_serial_rivers_small_3,
          chequers_jeans

Skill      XL: |  1  2  3  4  5  6  7 |
---------------+----------------------+-----
Short Blades   | 1 2 |  2.7
Long Blades    | 1 2 |  2.7
Maces & Flails | 1 2 |  2.7
Polearms       | 1 2 |  2.7
Staves         | 1 2 |  2.7
Slings         | 1 2 |  2.7
Bows           | 1 2 |  2.7
Crossbows      | 1 2 |  2.7
Throwing       | 1 2 |  2.7
Stealth        | 1 2 |  2.7
Shields        | 1 2 |  2.7
Unarmed Combat | 1 2 |  2.7
Spellcasting   | 1 2 |  2.7
Evocations     | 1 2 |  2.7
Conjurations   | 1 2 |  2.2
Hexes          | 1 2 |  2.2
Summonings     | 1 2 |  2.2
Necromancy     | 1 2 |  2.2
Translocations | 1 2 |  2.2
Transmutations | 1 2 |  2.2
Fire Magic     | 1 2 |  2.2
Ice Magic      | 1 2 |  2.2
Air Magic      | 1 2 |  2.2
Earth Magic    | 1 2 |  2.2
Poison Magic   | 1 2 |  2.2
Dodging        | 3 |  3.8
Invocations    | 5 |  5.5
Axes           | 5 |  5.3
Armour         | 5 |  5.3
Fighting       | 7 |  7.1

Action                   |  1- 3 |  4- 6 |  7- 9 || total
-------------------------+-------+-------+-------++-------
Melee: Hand axe          |    72 |   126 |    75 ||   273
       Bite              |     5 |    12 |     6 ||    23
       Kick              |     9 |    26 |    19 ||    54
Invok: Depart the Abyss  |     1 |       |       ||     1
       Bend Space        |       |     1 |       ||     1
  Use: Scroll            |     4 |     2 |       ||     6
       Potion            |     3 |     3 |       ||     6
 Stab: Invisible         |       |     1 |       ||     1
Armor: Scale mail        |    30 |    50 |    22 ||   102
       Skin              |     6 |    18 |       ||    24
Dodge: Dodged            |    39 |    64 |    32 ||   135

Table legend: (Time is in decaauts)
 A = Elapsed time spent in this place.
 B = Non-inter-level travel time spent in this place.
 C = Inter-level travel time spent in this place.
 D = Time resting spent in this place.
 E = Time spent auto-exploring this place.
 F = Levels seen in this place.
 G = Mean time per level.
                   A        B        C        D        E       F      G
               +--------+--------+--------+--------+--------+-----+--------+
         Total |   6060 |   5917 |    143 |   1439 |   3377 |   7 |  865.7 |
       Dungeon |   5978 |   5835 |    143 |   1439 |   3328 |   5 | 1195.6 |
         Abyss |     82 |     82 |      0 |      0 |     49 |   2 |   41.0 |
               +--------+--------+--------+--------+--------+-----+--------+

Top non-repeatable levels by time:
     D:2: 1727 daAuts
     D:4: 1304 daAuts
     D:1: 1292 daAuts
     D:3: 1008 daAuts
     D:5: 645 daAuts
 Abyss:2: 41 daAuts
 Abyss:1: 40 daAuts
